 Dungeon Crawl Stone Soup version 0.20.1-1-g8b1a95d (webtiles) character file.

317 nightbobicus the Skirmisher (level 6, -2/56 HPs)
             Began as a Hill Orc Fighter on Aug 10, 2017.
             Slain by an iguana (6 damage)
             ... on level 4 of the Dungeon.
             The game lasted 00:06:04 (2678 turns).

nightbobicus the Skirmisher (Hill Orc Fighter)      Turns: 2678, Time: 00:06:05

Health: -2/56      AC:  7    Str: 19 (21) XL:     6   Next: 44%
Magic:  6/6        EV:  7    Int:  7 (8)  God:
Gold:   103        SH:  9    Dex: 10      Spells: 5/5 levels left

rFire    . . .     SeeInvis .   a - +0 flail
rCold    . . .     Gourm    .   c - +0 shield
rNeg     . . .     Faith    .   b - +0 scale mail
rPois    .         Spirit   .   (no helmet)
rElec    .         Reflect  .   (no cloak)
rCorr    .         Harm     .   (no gloves)
MR       .....                  (no boots)
Stlth    ..........             (no amulet)
Regen    0.2/turn               (no ring)
MPRegen  0.1/turn               (no ring)

@: no status effects
A: no striking features
a: no special abilities


You were on level 4 of the Dungeon.
You were not hungry.

You visited 1 branch of the dungeon, and saw 4 of its levels.

You collected 103 gold pieces.

Inventory:

Hand Weapons
 a - a +0 flail (weapon)
Missiles
 q - 5 javelins (quivered)
Armour
 b - a +0 scale mail (worn)
 c - a +0 shield (worn)
Wands
 p - a wand of random effects (16/48)
Scrolls
 h - a scroll of magic mapping {unknown}
 j - 3 scrolls of identify {unknown}
 k - a scroll of amnesia {unknown}
 n - 2 scrolls of enchant weapon {unknown}
 t - a scroll of immolation {unknown}
 u - 2 scrolls of remove curse {unknown}
Potions
 d - a potion of might
 e - 2 potions of flight
 g - a potion of mutation {unknown}
 l - a potion of degeneration
Comestibles
 f - 3 bread rations
 i - 3 meat rations
 r - 2 royal jellies


   Skills:
 + Level 5.5 Fighting
 * Level 4.5 Maces & Flails
 - Level 1.1 Throwing
 - Level 4.1 Armour
 + Level 4.2 Shields


You had 5 spell levels left.
You didn't know any spells.

Dungeon Overview and Level Annotations

Branches:
Dungeon (4/15)
 Temple: D:4-7

Altars:
Nemelex Xobeh


Message History

* * * LOW HITPOINT WARNING * * *
You closely miss the iguana.
The iguana is almost dead.
You block the iguana's attack.
You hit the iguana but do no damage.
The iguana is almost dead.
You block the iguana's attack.
You closely miss the iguana.
The iguana is almost dead.
You block the iguana's attack. The iguana barely misses you.
You barely miss the iguana.
The iguana is almost dead.
The iguana bites you but does no damage.
You hit the iguana but do no damage.
The iguana is almost dead.
You block the iguana's attack.
You closely miss the iguana.
The iguana is almost dead.
The iguana bites you.
You die...

..$.......
#.........#
#.........#
#.........##
#..........#
#..#.......#
#..#.......#
#.l#.......#
#.@#.......#
#..#†......#
#..#)....[.#
#).'.......#
#..#.......#
#.###).#########
[##........#
###...#.##..#.####
.....o.......[...#
#######


You could see an iguana.

Vanquished Creatures
  A howler monkey (D:4)
  3 hounds (D:4)
  An orc wizard (D:4)
  Jessica (D:3)
  A worker ant (D:4)
  3 adders
  An ooze (D:1)
  3 worms
  A dart slug (D:1)
  2 leopard geckos
  5 orcs
  A ball python (D:1)
  6 bats
  4 giant cockroaches (D:1)
  6 goblins
  5 hobgoblins
  6 jackals
  3 quokkas (D:3)
  3 frilled lizards (D:1)
  4 kobolds
  6 rats
66 creatures vanquished.

Notes
Turn   | Place    | Note
-------+----------+-------------------------------------------
     0 | D:1      | nightbobicus the Hill Orc Fighter began the quest for the Orb.
     0 | D:1      | Reached XP level 1. HP: 19/19 MP: 1/1
   129 | D:1      | Reached XP level 2. HP: 27/27 MP: 2/2
   266 | D:1      | Reached skill level 4 in Fighting
   390 | D:1      | Found a sparkling altar of Nemelex Xobeh.
   407 | D:1      | Reached XP level 3. HP: 31/33 MP: 3/3
  1024 | D:2      | Reached XP level 4. HP: 40/40 MP: 4/4
  1791 | D:3      | Noticed Jessica
  1797 | D:3      | Killed Jessica
  1797 | D:3      | Reached skill level 1 in Throwing
  1797 | D:3      | Reached XP level 5. HP: 47/47 MP: 5/5
  1938 | D:4      | Reached skill level 5 in Fighting
  2349 | D:4      | Reached XP level 6. HP: 54/56 MP: 6/6
  2672 | D:4      | HP: 2/56 [iguana (9)]
  2678 | D:4      | Slain by an iguana

Skill      XL: |  1  2  3  4  5 |
---------------+----------------+-----
Fighting       | 4 5 |  5.5
Maces & Flails | 3 4 |  4.5
Throwing       | 1 |  1.1
Armour         | 4 |  4.1
Shields        | 4 |  4.2

Action                   |  1- 3 |  4- 6 || total
-------------------------+-------+-------++-------
Melee: Flail             |   122 |   158 ||   280
Throw: Javelin           |     3 |    28 ||    31
  Use: Potion            |       |     6 ||     6
       Scroll            |       |     2 ||     2
  Eat: Chunk             |       |     6 ||     6
Armor: Scale mail        |    62 |    85 ||   147
       Skin              |       |     1 ||     1
Dodge: Dodged            |    43 |    49 ||    92
Block: Shield            |    61 |    89 ||   150
